 Dungeon Crawl Stone Soup version 0.31-a0-1529-g7bd419a0e5 (webtiles) character file.

Game seed: 11420775012129243333

63 Curundu the Slasher (level 3, -9/33 HPs)
             Began as a Minotaur Berserker on Jan 1, 2024.
             Was a Believer of Trog.
             Mangled by Sigmund
             ... wielding a +0 scythe
              (11 damage)
             ... on level 2 of the Dungeon.
             The game lasted 00:02:31 (1101 turns).

Curundu the Slasher (Minotaur Berserker)            Turns: 1101, Time: 00:02:31

Health: -9/33      AC:  2    Str: 23    XL:     3   Next: 89%
Magic:  2/2        EV: 12    Int:  4    God:    Trog [**....]
Gold:   33         SH:  0    Dex:  9    Spells: 2/2 levels left

rFire   . . .        a - +0 falchion
rCold   . . .        (no shield)
rNeg    . . .        b - +0 animal skin
rPois   .            (helmet restricted)
rElec   .            (no cloak)
rCorr   .            (no gloves)
SInv    .            (no boots)
Will    ++...        (no amulet)
Stlth   +            (no ring)
HPRegen 1.25/turn    (no ring)
MPRegen 0.08/turn

%: no passive effects
@: strong-willed, regenerating
A: horns 2, retaliatory headbutt
a: Renounce Religion, Berserk, Trog's Hand


You were on level 2 of the Dungeon.
You worshipped Trog.
Trog was pleased with you.
You visited 1 branch of the dungeon, and saw 2 of its levels.

You collected 33 gold pieces.

Inventory:

Hand Weapons
 a - a +0 falchion (weapon)
Armour
 b - a +0 animal skin (worn)
Jewellery
 d - a ring of positive energy
Scrolls
 c - 2 scrolls of identify {unknown}
 f - a scroll of poison {unknown}
Potions
 e - a potion of might {unknown}
 g - a potion of magic {unknown}


   Skills:
 + Level 4.3 Fighting
 + Level 4.7 Long Blades
 + Level 2.6 Armour
 + Level 2.9 Dodging


You had 2 spell levels left.
You didn't know any spells.
Your spell library was empty.

Dungeon Overview and Level Annotations

Branches:
Dungeon (2/15)

Altars:

Annotations:
D:2 Sigmund


Innate Abilities, Weirdness & Mutations

You have a pair of horns on your head.
You reflexively headbutt those who attack you in melee.


Message History

The magic dart hits you.
Sigmund hits you from afar with a +0 scythe!
You hit Sigmund. You headbutt Sigmund.
Sigmund is moderately wounded.
Sigmund points at you and mumbles some strange words.
The magic dart hits you!
* * * LOW HITPOINT WARNING * * *
Activating: Trog's Hand (1% risk of failure)
Press: ? - help, Q - select action Dir - look around, f - activate Your skin crawls.
You feel strong-willed.
Sigmund points at you and mumbles some strange words.
The magic dart hits you.
* * * LOW HITPOINT WARNING * * *
You hit Sigmund.
Sigmund is heavily wounded.
Sigmund barely misses you.
You closely miss Sigmund.
Sigmund is heavily wounded.
Sigmund screams, "Don't try to resist!"
Sigmund closely misses you.
You hit Sigmund. Your headbutt misses Sigmund.
Sigmund is severely wounded.
You hit Sigmund but do no damage.
Sigmund is severely wounded.
Sigmund barely misses you.
You closely miss Sigmund.
Sigmund is severely wounded.
Sigmund hits you with a +0 scythe.
You hit Sigmund.
Sigmund is severely wounded.
You closely miss Sigmund.
Sigmund is severely wounded.
Sigmund points at you and mumbles some strange words.
The puff of flame hits you!
* * * LOW HITPOINT WARNING * * *
Sigmund laughs darkly.
Sigmund hits you with a +0 scythe!
You die...
Sigmund begins carving another notch in his scythe.

.#...#.##...#
.#...#....###
.......#<.###
#.....#....#
#..#....##.#
####...####.# .....###
#.#
###########.##########
......[.##...#..@@...#
#######.##.###.#####.#
.### #.##.#...# .'.#
#....#.###
.#.#########.#
<#...........#
.###########......#
#....# #....... #.##.#
#.......


You could see Sigmund.

Vanquished Creatures
  An adder (D:2)
  2 dart slugs
  7 ball pythons (D:1)
  5 endoplasms
  2 goblins (D:1)
  6 hobgoblins (D:1)
  8 jackals
  3 kobolds
  2 quokkas
  2 bats (D:1)
  A frilled lizard (D:1)
  2 rats (D:1)
41 creatures vanquished.

Notes
Turn   | Place    | Note
-------+----------+-------------------------------------------
     0 | D:1      | Curundu the Minotaur Berserker began the quest for the Orb.
     0 | D:1      | Reached XP level 1. HP: 19/19 MP: 0/0
    84 | D:1      | Reached XP level 2. HP: 26/27 MP: 1/1
   276 | D:1      | Reached ** piety under Trog
   277 | D:1      | Reached XP level 3. HP: 28/33 MP: 2/2
  1089 | D:2      | Noticed Sigmund
  1101 | D:2      | Mangled by Sigmund

Illustrated notes

Levels and vault maps discovered:
D:1:      onia_arrival_pyramid, layout_basic, minmay_crystal_room, minmay_tall_x
D:2:      layout_basic, uniq_sigmund

Skill      XL: |  1  2 |
---------------+-------+-----
Fighting       | 4 |  4.3
Long Blades    | 4 |  4.7
Armour         | |  2.6
Dodging        | |  2.9

Action                     || total
---------------------------++-------
  Melee: Falchion          ||    82
         Punch             ||     2
         Headbutt          ||     7
 Invoke: Trog's Hand       ||     1
 Armour: Animal skin       ||    67
  Dodge: Dodged            ||    90

Table legend: (Time is in decaauts)
 A = Elapsed time spent in this place.
 B = Non-inter-level travel time spent in this place.
 C = Inter-level travel time spent in this place.
 D = Time resting spent in this place.
 E = Time spent auto-exploring this place.
 F = Levels seen in this place.
 G = Mean time per level.
                   A        B        C        D        E       F      G
               +--------+--------+--------+--------+--------+-----+--------+
         Total |   1107 |   1107 |      0 |      0 |    833 |   2 |  553.5 |
       Dungeon |   1107 |   1107 |      0 |      0 |    833 |   2 |  553.5 |
               +--------+--------+--------+--------+--------+-----+--------+

Top non-repeatable levels by time:
     D:1: 835 daAuts
     D:2: 272 daAuts
